 Dungeon Crawl Stone Soup version 0.24.1-8-ga250c9d538 (webtiles) character file.

Game seed: 6006238315880237836, levelgen mode: deterministic

66 Peloso the Covered (level 3, 0/29 HPs)
             Began as a Demonspawn Fighter on May 8, 2020.
             Slain by an orc
             ... wielding a +0 hand axe
              (5 damage)
             ... on level 2 of the Dungeon.
             The game lasted 00:03:50 (1479 turns).

Peloso the Covered (Demonspawn Fighter)             Turns: 1479, Time: 00:03:50

Health: 0/29       AC:  8    Str: 17    XL:     3   Next: 96%
Magic:  3/3        EV:  7    Int:  9    God:
Gold:   71         SH:  9    Dex: 12    Spells: 2/2 levels left

rFire    . . .     SeeInvis .   a - +0 long sword
rCold    . . .     Gourm    .   c - +0 shield
rNeg     . . .     Faith    .   b - +0 scale mail
rPois    .         Spirit   .   (no helmet)
rElec    .         Reflect  .   (no cloak)
rCorr    .         Harm     .   g - +0 pair of gloves
MR       .....                  (no boots)
Stlth    ..........             (no amulet)
HPRegen  0.09/turn              (no ring)
MPRegen  0.08/turn              (no ring)

@: lethally poisoned (0 -> -4)
A: hooves 2
a: no special abilities


You were on level 2 of the Dungeon.
You were not hungry.

You visited 1 branch of the dungeon, and saw 2 of its levels.

You collected 71 gold pieces.

Inventory:

Hand Weapons
 a - a +0 long sword (weapon)
Armour
 b - a +0 scale mail (worn)
 c - a +0 shield (worn)
 g - a +0 pair of gloves (worn)
Scrolls
 h - a scroll of identify {unknown}
 i - 3 scrolls of remove curse {unknown}
 j - a scroll of magic mapping {unknown}
 k - 2 scrolls of teleportation {unknown}
Potions
 d - 3 potions of might
 e - a potion of haste {unknown}
Comestibles
 f - 2 rations


   Skills:
 + Level 3.1 Fighting
 + Level 2.6 Long Blades
 + Level 3.2 Armour
 + Level 0.4 Dodging
 + Level 0.1 Stealth
 + Level 3.2 Shields


You had 2 spell levels left.
You didn't know any spells.
Your spell library was empty.

Dungeon Overview and Level Annotations

Branches:
Dungeon (2/15)

Altars:


Innate Abilities, Weirdness & Mutations

You have hoof-like feet.


Message History

You barely miss the orc. Your kick misses the orc.
* * * LOW HITPOINT WARNING * * *
You feel sick. You block the adder's attack. You block the orc's attack.
You hit the orc. Your kick misses the orc.
The orc is severely wounded.
* * * LOW HITPOINT WARNING * * *
You feel sick. The adder bites you but does no damage.
An adder comes into view.
An orc comes into view. It is wielding a +0 club.
You block the adder's attack. You block the orc's attack.
The orc hits you but does no damage.
An orc wizard comes into view. It is wielding a +0 dagger.
Unknown command.
The orc wizard shouts!
The orc shouts!
You hit the orc but do no damage. Your kick misses the orc.
The orc is severely wounded.
You block the adder's attack.
An orc wizard opens the door.
A rat comes into view.
You block the adder's attack. The orc hits you with a +0 hand axe.
You die...

......
.......
..o..o.
#..8..'
#r8_8..####
...8......#
#..S......#
#.oo.####
#$S@....#
#.......#
#.......#
.####.......#
............#
.####.#.....#
#.#.....#
#.+.....#
#.#.....#####


You could see an orc wizard, 2 adders, 3 orcs and a rat (wandering).

Vanquished Creatures
  2 adders (D:2)
  A worm (D:2)
  A leopard gecko (D:2)
  2 bats (D:1)
  4 giant cockroaches (D:1)
  5 goblins (D:1)
  6 hobgoblins (D:1)
  8 jackals (D:1)
  3 kobolds (D:1)
  A ball python (D:1)
  4 frilled lizards (D:1)
  2 rats (D:1)
  A plant (D:1)
40 creatures vanquished.

Vanquished Creatures (others)
  2 plants (D:1)
2 creatures vanquished.

Grand Total: 42 creatures vanquished

Notes
Turn   | Place    | Note
-------+----------+-------------------------------------------
     0 | D:1      | Peloso the Demonspawn Fighter began the quest for the Orb.
     0 | D:1      | Reached XP level 1. HP: 18/18 MP: 1/1
   127 | D:1      | Gained mutation: You have large cloven feet. [demonic
                  | ancestry]
   127 | D:1      | Reached XP level 2. HP: 4/24 MP: 2/2
   158 | D:1      | HP: 1/24 [hobgoblin/stone (2)]
   653 | D:1      | Gained mutation: You have hoof-like feet. [demonic
                  | ancestry]
   653 | D:1      | Reached XP level 3. HP: 4/29 MP: 3/3
  1464 | D:2      | Found a faded altar of an unknown god.
  1479 | D:2      | Slain by an orc

Levels and vault maps discovered:
D:1:      arrival_zaba_pyramid, layout_basic, serial_bayou, serial_bayou_lake_a,
          serial_bayou_pond_e, serial_bayou_lagoon_a, serial_bayou_pond_a,
          minmay_tetromino_i2
D:2:      layout_basic, chequers_ecumenical_altar_simple, first_ration,
          minmay_mini_jars

Skill      XL: |  1  2 |
---------------+-------+-----
Long Blades    | 2 |  2.6
Armour         | 3 |  3.2
Shields        | 3 |  3.2
Fighting       | |  3.1
Dodging        | |  0.4
Stealth        | |  0.1

Action                   || total
-------------------------++-------
Melee: Long sword        ||   208
       Kick              ||    51
  Use: Potion            ||     1
  Eat: Ration            ||     1
Armor: Scale mail        ||    99
Dodge: Dodged            ||    55
Block: Shield            ||    96
       Rpst.: Long sword ||    15
